 Dungeon Crawl Stone Soup version 0.30.0-3-ga4e48a9924 (webtiles) character file.

Game seed: 10895539351019455803

77 browni3141 the Conjurer (level 4, -1/36 HPs)
             Began as a Ghoul Conjurer on May 7, 2023.
             Slain by Terence
             ... wielding a +0 flail
              (4 damage)
             ... on level 1 of the Dungeon.
             The game lasted 00:03:22 (1591 turns).

browni3141 the Conjurer (Ghoul Conjurer)            Turns: 1591, Time: 00:03:23

Health: -1/36      AC: 19    Str: 19    XL:     4   Next: 34%
Magic:  16/16      EV:  5    Int: 13    God:
Gold:   75         SH:  0    Dex:  7    Spells: 6/9 levels left

rFire   . . .        (no weapon)
rCold   + . .        (no shield)
rNeg    + + +        K - +8 plate armour of the Barnacle {rN+ MP+9 Str+9 Int-2}
rPois   ∞            (no helmet)
rElec   .            q - +0 cloak
rCorr   .            (no gloves)
SInv    .            (no boots)
Will    .....        (no amulet) Stlth
                     (no ring)
HPRegen 0.00/turn    (no ring)
MPRegen 0.15/turn

%: no passive effects
@: mighty, inhibited regen
A: claws 1, cold resistance 1, negative energy resistance 3, inhibited
regeneration, torment resistance 2, devour on kill
a: no special abilities


You were on level 1 of the Dungeon.
You visited 1 branch of the dungeon, and saw 2 of its levels.

You collected 75 gold pieces.

Inventory:

Hand Weapons
 b - a +3 sling
Missiles
 J - 2 javelins
Armour
 a - a +0 robe
 q - a +0 cloak (worn)
 K - the +8 plate armour of the Barnacle (worn) {rN+ MP+9 Str+9 Int-2}
   (You found it on level 2 of the Dungeon)

   Str:       It affects your strength (+9).
   Int:       It affects your intelligence (-2).
   rN:        It protects you from negative energy.
   MP:        It affects your magic capacity (+9).
Scrolls
 n - a scroll of poison {unknown}
 r - a scroll of magic mapping {unknown}
 s - a scroll of identify {unknown}
 t - a scroll of fear {unknown}
 v - a scroll of amnesia {unknown}
 L - 2 scrolls of noise
Potions
 m - a potion of magic
 o - a potion of mutation {unknown}
 u - a potion of flight {unknown}
 M - a potion of might


   Skills:
 * Level 2.0 Fighting
 * Level 0.1 Armour
 - Level 2.0 Dodging
 - Level 2.4 Stealth
 - Level 3.0 Spellcasting
 - Level 3.3 Conjurations


You had 6 spell levels left.
You knew the following spells:

 Your Spells              Type           Power      Damage    Failure   Level
a - Magic Dart            Conj           40%        1d5       95%         1
r - Searing Ray           Conj           20%        2d5       98%         2

Your spell library contained the following spells:

 Spells                   Type           Power      Damage    Failure   Level
 Dazzling Flash           Conj/Hex       12%        N/A       100%        3
 Fulminant Prism          Conj/Hex       3%         3d5       100%        4
 Iskenderun's Mystic Bla  Conj/Tloc      6%         2d4       100%        4


Dungeon Overview and Level Annotations

Branches:
Dungeon (2/15)

Altars:

Annotations:
D:1 Terence
D:2 Natasha, Robin


Innate Abilities, Weirdness & Mutations

You are immune to poison.
You have sharp fingernails.
Your flesh is cold resistant. (rC+)
You are immune to negative energy. (rN+++)
You do not regenerate when monsters are visible.
You are immune to unholy pain and torment.
You thrive by killing the living.


Message History

You are too injured to fight recklessly!
You are too injured to fight recklessly!
You scratch Terence but do no damage.
Terence is moderately wounded.
Terence hits you but does no damage.
You closely miss Terence.
Terence is moderately wounded.
Terence hits you but does no damage.
You closely miss Terence.
Terence is moderately wounded.
Terence completely misses you.
You scratch Terence but do no damage.
Terence is moderately wounded.
Terence hits you but does no damage.
You scratch Terence but do no damage.
Terence is moderately wounded.
Terence hits you but does no damage.
You scratch Terence.
Terence is moderately wounded.
Terence hits you with a +0 flail.
* * * LOW HITPOINT WARNING * * *
You scratch Terence. You claw Terence, but do no damage.
Terence is heavily wounded.
Terence hits you but does no damage.
You scratch Terence but do no damage.
Terence is heavily wounded.
Terence barely misses you.
You completely miss Terence.
Terence is heavily wounded.
Terence hits you but does no damage.
You scratch Terence but do no damage.
Terence is moderately wounded.
Terence hits you but does no damage.
You scratch Terence but do no damage. You claw Terence, but do no damage.
Terence is moderately wounded.
Terence hits you with a +0 flail.
* * * LOW HITPOINT WARNING * * *
You barely miss Terence.
Terence is moderately wounded.
Terence hits you but does no damage.
You scratch Terence.
Terence is heavily wounded.
Terence barely misses you.
You scratch Terence but do no damage.
Terence is heavily wounded.
Terence hits you but does no damage.
You closely miss Terence. Your claw misses Terence.
Terence is heavily wounded.
Terence barely misses you.
You scratch Terence but do no damage.
Terence is heavily wounded.
Terence hits you but does no damage.
You barely miss Terence.
Terence is heavily wounded.
Terence hits you but does no damage.
You barely miss Terence.
Terence is heavily wounded.
Terence barely misses you.
You scratch Terence.
Terence is heavily wounded.
Terence hits you but does no damage.
You scratch Terence but do no damage.
Terence is heavily wounded.
Terence hits you but does no damage.
You barely miss Terence.
Terence is heavily wounded.
Terence completely misses you.
You scratch Terence but do no damage.
Terence is heavily wounded.
Terence hits you but does no damage.
You barely miss Terence.
Terence is heavily wounded.
Terence hits you with a +0 flail.
* * * LOW HITPOINT WARNING * * *
You closely miss Terence.
Terence is heavily wounded.
Terence hits you but does no damage.
You closely miss Terence.
Terence is heavily wounded.
Terence hits you but does no damage.
You scratch Terence but do no damage.
Terence is moderately wounded.
Terence barely misses you.
Okay, then.
As you read the scroll labelled AWNAUSM CA GEI, it crumbles to dust.
You hear a loud clanging noise!
It was a scroll of noise.
Terence hits you with a +0 flail.
* * * LOW HITPOINT WARNING * * *
Unknown command.
It was a potion of might.
You feel very mighty all of a sudden.
M - a potion of might Terence hits you but does no damage.
You scratch Terence.
Terence is heavily wounded.
Terence hits you but does no damage.
You scratch Terence but do no damage.
Terence is heavily wounded.
Terence hits you with a +0 flail.
You die...

.....# ##..#.........#
####.########.#.........#
#....................#
#############...........#
...# ##...........# ##.#
#††...######## ##.##
#.###.# ##..# #.# #.#
###.########.# #@# #
#..........# #@###
#######...#### #.)†####
........#.### ###>...#
#########...### ####.###
# ###...#######...# #
###...........# #
###########.# # ###


You could see Terence.

Vanquished Creatures
  3 adders (D:2)
  6 endoplasms
  A giant cockroach (D:1)
  7 goblins
  5 hobgoblins (D:1)
  4 jackals (D:2)
  6 kobolds
  3 quokkas (D:1)
  2 ball pythons (D:1)
  4 bats (D:1)
  A frilled lizard (D:1)
  4 rats (D:1)
46 creatures vanquished.

Notes
Turn   | Place    | Note
-------+----------+-------------------------------------------
     0 | D:1      | browni3141 the Ghoul Conjurer began the quest for the Orb.
     0 | D:1      | Reached XP level 1. HP: 14/14 MP: 2/2
   131 | D:1      | Reached XP level 2. HP: 19/24 MP: 3/3
   283 | D:1      | Learned a level 2 spell: Searing Ray
   514 | D:1      | Reached XP level 3. HP: 29/29 MP: 5/5
  1170 | D:2      | Reached skill level 3 in Spellcasting
  1170 | D:2      | Reached XP level 4. HP: 32/36 MP: 2/7
  1415 | D:2      | Identified the +8 plate armour of the Barnacle {rN+ MP+9
                  | Str+9 Int-2}
  1528 | D:2      | Noticed Robin
  1530 | D:2      | Noticed Terence
  1531 | D:2      | Noticed Natasha
  1591 | D:1      | Slain by Terence

Illustrated notes

Levels and vault maps discovered:
D:1:      lemuel_arrival_tunnels, layout_rooms
D:2:      layout_rooms, shapermc_ecumenical_altar_petra, uniq_robin,
          uniq_terence, uniq_natasha

Skill      XL: |  1  2  3  4 |
---------------+-------------+-----
Fighting       | 1 2 |  2.0
Spellcasting   | 2 3 |  3.0
Dodging        | 2 |  2.0
Armour         | |  0.1
Stealth        | |  2.4
Conjurations   | |  3.3

Action                     |  1- 3 |  4- 6 || total
---------------------------+-------+-------++-------
  Melee: Unarmed           |   120 |    59 ||   179
         Punch             |       |     2 ||     2
   Fire: Sling             |       |    11 ||    11
   Cast: Magic Dart        |    16 |       ||    16
         Searing Ray       |     5 |       ||     5
    Use: Scroll            |       |     1 ||     1
         Potion            |       |     1 ||     1
   Stab: Sleeping          |     1 |       ||     1
 Armour: Robe              |    31 |     1 ||    32
         Plate armour      |       |    55 ||    55
  Dodge: Dodged            |   102 |    22 ||   124
